[Event "Team 45 45 League T51"]
[Site "Internet Chess Club"]
[Date "2011.11.21"]
[Round "2"]
[White "ElmerHo"]
[Black "qs16"]
[Result "0-1"]
[WhiteElo "1526"]
[BlackElo "1720"]
[Opening "Sicilian: Najdorf"]
[ECO "B90"]
[Time "16:30:19"]
[TimeControl "2700+45"]

1. e4 c5 2. Nf3 d6 3. d4 cxd4 4. Nxd4 Nf6 5. Nc3 a6 6. f3 e5 7. Nb3 Be6 8. Be3
Nbd7 9. g4 Nb6 10. Qd2 Be7 11. O-O-O Qc7 12. Qf2 Nc4 13. Bxc4 Bxc4 14. g5 Nd7
15. Nd5 Bxd5 16. exd5 Rc8 17. h4 f5 18. f4 O-O 19. Kb1 b6 20. Rh2 a5 21. Rd3 a4
22. Nc1 Nc5 23. Bxc5 Qxc5 24. fxe5 dxe5 25. Qxc5 Bxc5 26. d6 Rcd8 27. Rhd2 Rf7
28. d7 e4 29. Rd5 e3 30. Rh2 Rdxd7 31. Rxd7 Rxd7 32. Nd3 Re7 33. Re2 Re4 34. c3
f4 35. Nxc5 bxc5 36. Kc2 f3 {White resigns} 0-1

[Event "Team 45 45 League T51"]
[Site "Internet Chess Club"]
[Date "2011.11.17"]
[Round "2"]
[White "Killian"]
[Black "Eyechess"]
[Result "0-1"]
[WhiteElo "1996"]
[BlackElo "1950"]
[Opening "Scandinavian (center counter) defense"]
[ECO "B01"]
[Time "15:00:04"]
[TimeControl "2700+45"]

1. e4 d5 2. Nc3 d4 3. Nce2 e5 4. Ng3 Nc6 5. Bc4 Nf6 6. d3 h5 7. Bg5 Bg4 8. f3 h4
9. N3e2 h3 10. g3 Bc8 11. a3 Be7 12. Qd2 Nxe4 13. Bxe7 Nxd2 14. Bxd8 Nxc4 15.
Bxc7 Ne3 16. Rc1 Kd7 17. Bxe5 Nxe5 18. Nxd4 Nc6 19. Nb3 Nf5 20. c3 b6 21. Kf2
Ne5 22. Rd1 Bb7 23. d4 Nc4 24. Rb1 Rae8 25. Ne2 Re3 26. Ng1 Rhe8 27. a4 Bd5 28.
a5 Rd3 29. axb6 axb6 30. Ra1 Nxb2 31. Ra7+ Kc6 32. Nc1 Rd2+ 33. Nge2 Re3 34. Ke1
Rd1+ {White resigns} 0-1

[Event "Team 45 45 League T51"]
[Site "Internet Chess Club"]
[Date "2011.11.22"]
[Round "2"]
[White "puma"]
[Black "SimplyClaudia"]
[Result "0-1"]
[WhiteElo "1588"]
[BlackElo "1740"]
[Opening "Queen's pawn: Torre attack"]
[ECO "A46"]
[Time "17:00:08"]
[TimeControl "2700+45"]

1. d4 Nf6 2. Nf3 e6 3. Bg5 Be7 4. Nbd2 d5 5. e3 b6 6. Ne5 Bb7 7. Bd3 h6 8. Bh4
O-O 9. c3 c5 10. O-O Nc6 11. Ndf3 Rc8 12. Rc1 Nxe5 13. Nxe5 Nd7 14. Bxe7 Qxe7
15. f4 Nxe5 16. fxe5 f6 17. exf6 Rxf6 18. Qg4 Rcf8 19. Qg3 Bc6 20. Rxf6 Rxf6 21.
Rf1 Rxf1+ 22. Kxf1 Be8 23. a3 Qd7 24. Qf2 c4 25. Bb1 Qa4 26. Qc2 Qd7 27. Qh7+
Kf8 28. Qh8+ Kf7 29. Qh7 Kf6 30. e4 Qf7 31. Kg1 Qh5 32. e5+ Kf7 33. Qc2 Qg5 34.
Qf2+ Ke7 35. Qe1 h5 36. Bc2 h4 37. b3 h3 38. g3 cxb3 39. Bxb3 Qf5 40. Qf1 Qe4
41. Bd1 Qe3+ 42. Kh1 Bb5 43. Qg1 Qe4+ {White resigns} 0-1

[Event "Team 45 45 League T51"]
[Site "Internet Chess Club"]
[Date "2011.11.19"]
[Round "2"]
[White "Gilguli"]
[Black "whiskeytown"]
[Result "0-1"]
[WhiteElo "1396"]
[BlackElo "1460"]
[Opening "King's Indian: Smyslov system"]
[ECO "E61"]
[Time "11:04:52"]
[TimeControl "2700+45"]

1. d4 Nf6 2. Nf3 g6 3. c4 Bg7 4. Nc3 d6 5. Bg5 O-O 6. e3 c6 7. Bd3 Nbd7 8. Qc2
Re8 9. O-O-O e5 10. dxe5 Nxe5 11. Nxe5 Rxe5 12. h4 Qa5 13. Be2 d5 14. cxd5 Nxd5
15. Nxd5 Rxd5 16. Bc4 Rc5 17. Rd8+ Qxd8 18. Bxd8 Be6 19. b3 Rxd8 20. Rd1 Rxd1+
21. Kxd1 b5 22. Qe4 bxc4 23. b4 Rb5 24. Qxc6 Rxb4 25. Qa8+ Bf8 26. Qxa7 c3 27.
a3 Rc4 28. Qa6 c2+ 29. Kc1 Rc3 30. Qa8 Kg7 31. Qa5 {White resigns} 0-1